 Dungeon Crawl Stone Soup version 0.18.1-50-g88ac8fd (webtiles) character file.

408 Franakus the Conjurer (level 6, -2/49 HPs)
             Began as a Deep Elf Conjurer on Oct 30, 2016.
             Slain by an ice beast (14 damage)
             ... on level 5 of the Dungeon.
             The game lasted 00:23:36 (2060 turns).

Franakus the Conjurer (Deep Elf Conjurer)           Turns: 2060, Time: 00:23:37

Health: -2/49      AC: 23    Str:  5    XL:     6   Next: 57%
Magic:  4/16       EV:  2    Int: 22    God:
Gold:   108        SH:  0    Dex: 15    Spells: 2 memorised, 13 levels left

rFire  . . .     SeeInvis .     e - +0 dagger
rCold  . . .     Gourm    .     (armour currently unavailable)
rNeg   + + +     Faith    .     (no shield)
rPois  +         Spirit   .     (helmet currently unavailable)
rElec  .         Dismiss  .     (cloak currently unavailable)
rCorr  .         Reflect  .     (gloves currently unavailable)
SustAt .         Harm     .     (boots currently unavailable)
MR     .....     NoTele   +     (no amulet)
Stlth  ++++......               (no ring)
                                (no ring)

@: tree-form, not resistant to hostile enchantments, stealthy
A: no striking features
a: no special abilities


You were on level 5 of the Dungeon.
You were not hungry.
You were a tree.
You visited 1 branch of the dungeon, and saw 6 of its levels.

You collected 108 gold pieces.

Inventory:

Hand Weapons
 e - a +0 dagger (weapon)
Missiles
 i - 2 exploding tomahawks (quivered)
Armour
 a - a +0 robe (melded)
Scrolls
 d - 3 scrolls of identify
 h - a scroll of amnesia
 j - a scroll of teleportation
 l - a scroll of blinking
 n - a scroll of remove curse
Books
 b - a book of Conjurations

   Spells                             Type                      Level
   a - Magic Dart                     Conjuration                  1
   b - Searing Ray                    Conjuration                  2
   c - Dazzling Spray                 Conjuration/Hexes            3
   d - Fulminant Prism                Conjuration/Hexes            4
   e - Iskenderun's Mystic Blast      Conjuration                  4
   f - Iskenderun's Battlesphere      Conjuration/Charms           5
Comestibles
 c - 2 bread rations
 f - 4 beef jerkies
 o - a royal jelly


   Skills:
 + Level 0.4 Fighting
 + Level 3.5 Dodging
 + Level 4.0 Stealth
 + Level 5.8 Spellcasting
 + Level 6.6 Conjurations


You had 13 spell levels left.
You knew the following spells:

 Your Spells              Type           Power        Failure   Level  Hunger
a - Magic Dart            Conj           ####         1%          1    None
b - Searing Ray           Conj           #####.       1%          2    None


Dungeon Overview and Level Annotations

Branches:
Dungeon (6/15)
 Temple: D:4-7

Altars:
Fedhas
Yredelemnul
The Shining One

Shops:
D:5 !

Annotations:
D:5 Dowan, Duvessa
D:6 Edmund, Menkaure


Message History

Duvessa no longer looks unusually strong.
The jackal bites you but does no damage. x2
The ice beast hits you but does no damage.
You barely miss the ice beast.
The ice beast is heavily wounded.
The jackal bites you but does no damage.
The ice beast hits you but does no damage.
You hit the ice beast but do no damage.
The ice beast is heavily wounded.
The jackal bites you but does no damage. x2
The ice beast hits you but does no damage.
You hit the ice beast but do no damage.
The ice beast is heavily wounded.
The jackal bites you but does no damage.
Dowan whispers, "It won't be long now."
Dowan gestures wildly while chanting.
Dowan blinks!
The ice beast hits you.
* * * LOW HITPOINT WARNING * * *
The ice beast freezes you!
You die...

.h.........##
##.#####
.#h#(##.#.## ##.#
# # #.##.## #Y##
.#.#.##.###.###.#
..........##.#.#
# .....##F#.###>#
..e#.# #.#.#
#........
.....####.# .
...<..##J
....§ZY♣he#
####∩..##
#.######### #.##
.# .# ..


You could see Duvessa, an ice beast, Dowan, a worker ant zombie and a jackal.

Vanquished Creatures
  A necrophage (D:5)
  A giant frog (D:5)
  A howler monkey (D:5)
  A crimson imp (D:5)
  An iguana (D:5)
  2 worker ants (D:6)
  3 gnolls (D:5)
  3 adders
  2 worms (D:3)
  A giant gecko (D:3)
  6 orcs
  6 bats
  4 giant cockroaches
  9 goblins
  4 hobgoblins
  3 jackals (D:5)
  A quokka (D:5)
  A ball python (D:2)
  A quokka zombie (D:5)
  5 rats
56 creatures vanquished.

Notes
Turn   | Place    | Note
--------------------------------------------------------------
     0 | D:1      | Franakus the Deep Elf Conjurer began the quest for the Orb.
     0 | D:1      | Reached XP level 1. HP: 10/10 MP: 6/6
   181 | D:1      | Reached XP level 2. HP: 15/15 MP: 4/8
   185 | D:1      | Learned a level 2 spell: Searing Ray
   700 | D:2      | Reached skill level 5 in Conjurations
   775 | D:2      | Found a basalt altar of Yredelemnul.
  1081 | D:2      | Reached XP level 3. HP: 18/19 MP: 4/9
  1507 | D:4      | Found a glowing golden altar of the Shining One.
  1512 | D:4      | Found a blossoming altar of Fedhas.
  1669 | D:5      | Entered Level 5 of the Dungeon
  1708 | D:5      | Reached XP level 4. HP: 15/24 MP: 8/11
  1743 | D:5      | Noticed a centaur
  1834 | D:5      | Reached XP level 5. HP: 26/28 MP: 3/13
  1848 | D:5      | Found Fouravux's Distillery.
  1850 | D:5      | Noticed an ice beast
  1895 | D:6      | Noticed Menkaure
  1907 | D:6      | Reached skill level 6 in Conjurations
  1954 | D:6      | Noticed Edmund
  1999 | D:5      | Noticed a necrophage
  2004 | D:5      | Reached skill level 5 in Spellcasting
  2010 | D:5      | Killed a necrophage
  2010 | D:5      | Reached XP level 6. HP: 19/32 MP: 2/16
  2017 | D:5      | Noticed Dowan
  2022 | D:5      | Noticed Duvessa
  2060 | D:5      | Slain by an ice beast

Skill      XL: |  1  2  3  4  5  6 |
---------------+-------------------+-----
Conjurations   | 5 6 |  6.6
Stealth        | 3 4 |  4.0
Spellcasting   | 4 5 |  5.8
Dodging        | 3 |  3.5
Fighting       | |  0.4

Action                   |  1- 3 |  4- 6 || total
-------------------------+-------+-------++-------
Melee: Dagger            |     7 |    36 ||    43
Throw: Tomahawk          |       |     1 ||     1
 Cast: Magic Dart        |    51 |     3 ||    54
       Searing Ray       |    11 |    11 ||    22
  Use: Scroll            |     3 |     3 ||     6
       Potion            |       |     5 ||     5
  Eat: Chunk             |     2 |     1 ||     3
       Meat ration       |       |     1 ||     1
Armor: Robe              |     4 |     2 ||     6
       Skin              |       |   118 ||   118
Dodge: Dodged            |    11 |    45 ||    56
